 Dungeon Crawl Stone Soup version 0.31-a0-851-g7ff8af7976 (webtiles) character file.

Game seed: 5292646753936745605

15991 Pixllover the Geomancer (level 12, -6/111 HPs)
             Began as a Gargoyle Earth Elementalist on Oct 6, 2023.
             Was a Priest of Sif Muna.
             Mangled by Fannar
             ... wielding a staff of cold
              (17 damage)
             ... on level 11 of the Dungeon.
             The game lasted 01:09:14 (14001 turns).

Pixllover the Geomancer (GrEE)                     Turns: 14001, Time: 01:09:14

Health: -6/111     AC: 26    Str: 11    XL:     12   Next: 32%
Magic:  16/27      EV:  2    Int: 22    God:    Sif Muna [***...]
Gold:   711        SH:  0    Dex: 10    Spells: 20/34 levels left

rFire   . . .        b - +2 dagger (venom)
rCold   . . .        (no shield)
rNeg    + . .        I - melded +2 robe {Will+}
rPois   ∞            (helmet currently unavailable)
rElec   .            o - melded +1 cloak
rCorr   .            (gloves currently unavailable)
SInv    .            (boots currently unavailable)
Will    .....        j - amulet of magic regeneration
Stlth   ++           (no ring)
HPRegen 0.38/turn    (no ring)
MPRegen 0.60/turn

%: no passive effects
@: tree-form
A: stationary, stasis, torment immunity, boosted hp, sickness immunity, AC +8,
negative energy resistance 1, (electricity resistance), torment resistance 1,
petrification resistance
a: Renounce Religion, Channel Magic, Forget Spell


You were on level 11 of the Dungeon.
You worshipped Sif Muna.
Sif Muna was most pleased with you.
You were a tree.
You visited 2 branches of the dungeon, and saw 13 of its levels.
You also visited: Sewer.

You collected 711 gold pieces.

Inventory:

Hand Weapons
 b - a +2 dagger of venom (weapon)
Missiles
 c - 2 atropa-tipped darts
 u - 33 poisoned darts (quivered)
 A - 2 throwing nets
 C - 7 curare-tipped darts
Armour
 o - a +1 cloak (melded)
 I - a +2 robe of willpower (melded)
Magical Staves
 a - a staff of earth
Jewellery
 j - an amulet of magic regeneration (around neck)
Wands
 d - a wand of mindburst (9)
 h - a wand of paralysis (1)
 q - a wand of flame (27)
 F - a wand of roots (7)
Scrolls
 i - 2 scrolls of poison
 m - 3 scrolls of amnesia
 n - a scroll of immolation
 r - a scroll of teleportation
 B - 2 scrolls of enchant weapon
 D - a scroll of brand weapon
 G - a scroll of fear
Potions
 e - 3 potions of attraction {unknown}
 f - a potion of berserk rage
 g - 2 potions of enlightenment
 l - 2 potions of magic
 p - a potion of degeneration {unknown}
 s - a potion of mutation {unknown}
 t - 4 potions of haste
 v - 7 potions of curing
 w - 2 potions of resistance
 x - 2 potions of might
 z - a potion of ambrosia {unknown}
 E - a potion of invisibility


   Skills:
 * Level 8.2 Fighting
 + Level 1.9 Short Blades
 + Level 0.1 Staves
 + Level 1.6 Armour
 + Level 4.4 Dodging
 + Level 4.0 Stealth
 + Level 11.8 Spellcasting
 + Level 1.6 Conjurations
 + Level 1.0 Transmutations
 + Level 13.9 Earth Magic


You had 20 spell levels left.
You knew the following spells:

 Your Spells              Type           Power      Damage    Failure   Level
a - Sandblast             Erth           100%       2d20      0%          1
b - Passwall              Tmut/Erth      38%        N/A       1%          2
c - Stone Arrow           Conj/Erth      94%        3d12      1%          3
d - Brom's Barrelling Bo  Conj/Erth      47%        2d6       1%          4
e - Petrify               Tmut/Erth      46%        N/A       2%          4

Your spell library contained the following spells:

 Spells                   Type           Power      Damage    Failure   Level
 Apportation              Tloc           26%        N/A       4%          1
 Necrotise                Necr           52%        1d6       4%          1
 Slow                     Hex            52%        N/A       4%          1
 Summon Small Mammal      Summ           52%        N/A       4%          1
 Blink                    Tloc           26%        N/A       8%          2
 Confusing Touch          Hex            13%        N/A       16%         3
 Frozen Ramparts          Ice            26%        1d4       16%         3
 Sigil of Binding         Hex            13%        N/A       16%         3
 Vampiric Draining        Necr           13%        2d6       16%         3
 Manifold Assault         Tloc           13%        N/A       45%         4
 Metabolic Englaciation   Hex/Ice        6%         N/A       80%         5
 Malign Gateway           Summ/Tloc      6%         N/A       100%        7
 Summon Horrible Things   Summ           6%         N/A       100%        8


Dungeon Overview and Level Annotations

Branches:
Dungeon (12/15)            Temple (1/1) D:6             Orc (0/2) D:11
  Sewer (visited)
   Lair: D:8-11

Altars:
Ashenzari
Cheibriados
Dithmenos
Elyvilon
Fedhas
Gozag
Hepliaklqana
Kikubaaqudgha
Makhleb
Nemelex Xobeh
Okawaru
Qazlal
Ru
Sif Muna
Trog
Uskayaw
Vehumet
Wu Jian
Xom
Yredelemnul
Zin
The Shining One

Annotations:
D:11 exclusion: oklob plant, Fannar


Innate Abilities, Weirdness & Mutations

You are a tree.
Your roots penetrate the ground, keeping you stationary.
You cannot be teleported.
You are immune to unholy pain and torment.
Your maximum health is greatly increased.
Your equipment is partially melded.
You are immune to sickness and miasma.
((Your stone body is resilient. (AC +8)))
You are immune to poison.
You resist negative energy. (rN+)
((You are resistant to electric shocks. (rElec)))
You are resistant to unholy torment.
You are immune to petrification.


Message History

Aim: Fannar, wielding a staff of cold and wearing a +2 robe of cold resistance (lightly wounded, 100% to hit)
You send a boulder barrelling forward!
The boulder barrels into Fannar!
Fannar is lightly wounded.
Fannar is knocked back.
Fannar hits your boulder with a staff of cold.
Fannar freezes your boulder!
Casting: Brom's Barrelling Boulder (dangerous; 1% risk of failure)
Confirm with . or Enter, or press ? or * to list all spells.
Aiming: Brom's Barrelling Boulder (dangerous; 1% risk of failure)
Press: ? - help, Dir - move target, f/p - Fannar
Aim: Fannar, wielding a staff of cold and wearing a +2 robe of cold resistance (lightly wounded, ally target, 100% to hit)
You send a boulder barrelling forward!
Your boulder crumbles as it rolls away.
Your boulder slams into a door and explodes!
The rocky shrapnel hits you but does no damage.
The air fills with toxic fumes!
As you read the scroll of poison, it crumbles to dust.
As you read the scroll of teleportation, it crumbles to dust.
You feel strangely unstable. Fannar hits you with a staff of cold.
Fannar freezes you!
You turn into a tree.
Your +1 cloak melds into your body.
Your +2 robe of willpower melds into your body.
You feel less strong-willed.
Your roots penetrate the ground.
You feel strangely stable. Fannar hits you with a staff of cold.
Fannar freezes you!
* * * LOW HITPOINT WARNING * * *
You barely miss Fannar.
Fannar is lightly wounded.
Fannar hits you but does no damage. Fannar freezes you.
* * * LOW HITPOINT WARNING * * *
You hit Fannar.
Fannar is poisoned.
Fannar is lightly wounded.
Fannar gestures wildly while chanting.
Fannar drains the heat from the surrounding environment!
* * * LOW HITPOINT WARNING * * *
Fannar hits you with a staff of cold.
* * * LOW HITPOINT WARNING * * *
Fannar freezes you!
You die...

######## #§§§§§♣#
#§§§§§e###############
#§§§§§.+.............#
#§§§§§§#############.##
#§§§§§§# #.........Y.eY
#§§§§§§# #.#########.##
#§§§§§§##..# #.#
#§§§§[§§..# #.#
##+###.#### #.##


You could see Fannar (very poisoned).

Vanquished Creatures
  A centaur warrior (D:11)
  A tengu warrior (D:11)
  A two-headed ogre (D:9)
  Pikel (D:5)
  A deep elf pyromancer (D:11)
  A cyclops (D:11)
  3 manticores
  2 rust devils (D:10)
  A smoke demon (D:10)
  4 kobold demonologists (D:11)
  5 trolls
  A red devil (D:10)
  2 hornets
  A shadow (D:12)
  18 yaks
  A wyvern (D:7)
  4 vampire mosquitoes (D:10)
  5 orc warriors
  5 sky beasts
  An ice beast (D:5)
  A black bear (D:7)
  A centaur (D:9)
  An ogre (D:6)
  A lemure (D:6)
  A phantom (D:6)
  2 kobold brigands
  4 gnoll sergeants
  2 bullfrogs (D:7)
  6 scorpions
  17 wights
  7 killer bees
  4 howler monkeys
  A lava snake (D:10)
  4 orc priests
  3 hounds
  Crazy Yiuf (D:4)
  A gnoll bouda (D:7)
  3 jellies
  A sleepcap (D:6)
  4 iguanas
  Natasha (twice) (D:4)
  8 orc wizards
  16 gnolls
  A river rat (Sewer)
  9 adders
  3 white imps
  An ufetubus (D:5)
  3 worms
  A dart slug (D:2)
  34 orcs
  7 ball pythons
  14 endoplasms
  4 giant cockroaches
  5 goblins
  6 hobgoblins
  4 jackals
  21 kobolds
  9 quokkas
  14 bats
  3 frilled lizards
  10 rats
299 creatures vanquished.

Vanquished Creatures (collateral kills)
  A kobold (D:11)
  10 boulders (D:11)
11 creatures vanquished.

Vanquished Creatures (others)
  An orc wizard (D:10)
  20 boulders (D:11)
21 creatures vanquished.

Grand Total: 331 creatures vanquished

Notes
Turn   | Place    | Note
-------+----------+-------------------------------------------
     0 | D:1      | Pixllover the Gargoyle Earth Elementalist began the quest
                  | for the Orb.
     0 | D:1      | Reached XP level 1. HP: 10/10 MP: 3/3
   107 | D:1      | Reached XP level 2. HP: 15/15 MP: 0/5
   322 | D:1      | Reached skill level 4 in Earth Magic
   425 | D:1      | Reached XP level 3. HP: 18/19 MP: 2/6
  1068 | D:2      | Reached XP level 4. HP: 24/24 MP: 8/8
  1148 | D:2      | Found a faded altar of an unknown god.
  2229 | D:3      | You fall into a shaft and drop 1 floor!
  2502 | D:4      | Reached XP level 5. HP: 28/28 MP: 7/10
  2513 | D:4      | Reached skill level 5 in Earth Magic
  2788 | D:4      | Noticed Natasha
  2791 | D:4      | Killed Natasha
  2843 | D:4      | Reached XP level 6. HP: 32/32 MP: 9/11
  2888 | D:4      | Reached skill level 6 in Earth Magic
  2907 | D:4      | Learned a level 2 spell: Passwall
  3077 | D:4      | Noticed Natasha
  3082 | D:4      | Killed Natasha
  3116 | D:4      | Found a runed translucent door.
  3117 | D:4      | Noticed Crazy Yiuf
  3260 | D:4      | Learned a level 2 spell: Passwall
  3264 | D:4      | Learned a level 3 spell: Stone Arrow
  3336 | D:5      | Entered Level 5 of the Dungeon
  3533 | D:5      | Noticed an ice beast
  3543 | D:5      | Killed an ice beast
  3544 | D:5      | Reached skill level 7 in Earth Magic
  3544 | D:5      | Reached XP level 7. HP: 26/36 MP: 10/14
  3717 | D:5      | Reached skill level 5 in Spellcasting
  3909 | D:5      | Noticed Pikel
  4092 | D:6      | Found a glowing drain.
  4146 | Sewer    | Entered a sewer
  4309 | Sewer    | Reached skill level 1 in Short Blades
  4529 | D:6      | Reached XP level 8. HP: 20/42 MP: 14/16
  4536 | D:6      | Reached skill level 8 in Earth Magic
  4732 | D:6      | Found a staircase to the Ecumenical Temple.
  4762 | Temple   | Entered the Ecumenical Temple
  4846 | Temple   | Became a worshipper of Sif Muna the Loreminder
  4910 | D:6      | Identified the +6 falchion of the Imbibing Gods {antimagic,
                  | rPois Will+++ Str-3 SInv}
  5708 | D:5      | Killed Pikel
  5709 | D:5      | Reached skill level 1 in Fighting
  5709 | D:5      | Reached skill level 9 in Earth Magic
  5709 | D:5      | Reached XP level 9. HP: 38/47 MP: 17/20
  6458 | D:7      | Reached skill level 10 in Earth Magic
  7155 | D:8      | Reached * piety under Sif Muna
  7245 | D:8      | Reached XP level 10. HP: 49/56 MP: 20/22
  7255 | D:8      | Reached skill level 11 in Earth Magic
  7486 | D:4      | Killed Crazy Yiuf
  7851 | D:8      | Found a sparkling altar of Nemelex Xobeh.
  8162 | D:9      | Found a radiant altar of Vehumet.
  8367 | D:9      | Found an ancient bone altar of Kikubaaqudgha.
  8370 | D:9      | Found a snail-covered altar of Cheibriados.
  8415 | D:9      | Identified the +9 dagger of Jugotem {antimagic, rCorr
                  | Dex+4}
  8466 | D:9      | Reached ** piety under Sif Muna
  8657 | D:9      | Reached skill level 5 in Fighting
  8768 | D:9      | Noticed a two-headed ogre
  8776 | D:9      | Killed a two-headed ogre
  9144 | D:9      | Reached skill level 10 in Spellcasting
  9149 | D:9      | Reached skill level 12 in Earth Magic
  9240 | D:10     | Entered Level 10 of the Dungeon
  9252 | D:10     | Noticed a rust devil
  9611 | D:10     | Noticed a rust devil
  9612 | D:10     | Noticed a smoke demon
  9620 | D:10     | Reached XP level 11. HP: 50/64 MP: 25/25
  9718 | D:10     | Identified the +3 mace of Valiance {antimagic, rF+ Str+3
                  | Dex-4}
 10230 | D:10     | Reached *** piety under Sif Muna
 10880 | D:11     | Noticed a manticore
 10886 | D:11     | Killed a manticore
 11011 | D:11     | Noticed a tengu warrior
 11012 | D:11     | Noticed a cyclops
 11012 | D:11     | Noticed a skeletal warrior
 11048 | D:11     | Killed a cyclops
 11276 | D:10     | Identified the +4 orcbow "Enap" {freeze, rElec Int+2}
 11451 | D:10     | Reached skill level 1 in Armour
 11621 | D:10     | Noticed a death knight
 11943 | D:11     | Noticed an oklob plant
 12109 | D:11     | Reached skill level 13 in Earth Magic
 12272 | D:10     | Learned a level 4 spell: Brom's Barrelling Boulder
 12277 | D:10     | Learned a level 4 spell: Petrify
 12645 | D:11     | Noticed a centaur warrior
 12649 | D:11     | Killed a centaur warrior
 12682 | D:11     | Killed a tengu warrior
 12683 | D:11     | Reached skill level 1 in Transmutations
 12683 | D:11     | Reached XP level 12. HP: 33/73 MP: 27/27
 12846 | D:11     | Found a staircase to the Orcish Mines.
 13172 | D:12     | Noticed a boulder beetle
 13496 | D:11     | Reached skill level 1 in Conjurations
 13831 | D:11     | Noticed Fannar
 14001 | D:11     | Mangled by Fannar

Illustrated notes

Levels and vault maps discovered:
D:1:      dpeg_arrival_lava_altar, layout_rooms, serial_bayou_lake_a
D:2:      layout_loops_ring, dilly_ecumenical_altar_fadedgnrine
D:3:      layout_basic
D:4:      layout_loops_cross, uniq_crazy_yiuf_cottage, uniq_natasha
D:5:      layout_basic, kennysheep_big_empty_room, uniq_pikel
D:6:      layout_basic, minmay_temple_entry_waves, gup_sewer_entry_pipe,
          nicolae_fountain_basement
D:7:      layout_loops_ring, nicolae_kite_square_tiling_tiny,
          nrook_mini_backslash
D:8:      layout_loops_cross, mainiacjoe_overflow_catwalk
D:9:      layout_loops_ring, nicolae_overflow_hidden_temple,
          kennysheep_decorative_pillar, kennysheep_generic_room_13
D:10:     old_forge, layout_gridville, palyth_stone_intersect,
          nicolae_where_there's_smoke
D:11:     layout_basic, dpeg_oklobed_lair, orc_0_dummy, gauntlet_entry_generic,
          grunt_tough_drop, uniq_fannar
D:12:     layout_rooms
Temple:   compressed_dpeg_circular_temple

Skill      XL: |  1  2  3  4  5  6  7  8  9 10 11 12 |
---------------+-------------------------------------+-----
Earth Magic    | 4 5 7 9 10 12 13 | 13.9
Spellcasting   | 3 4 5 7 8 10 11 | 11.8
Stealth        | 3 4 |  4.0
Dodging        | 2 3 4 |  4.4
Short Blades   | 1 |  1.9
Fighting       | 1 3 6 7 8 |  8.2
Armour         | 1 |  1.6
Transmutations | 1 |  1.0
Conjurations   | 1 |  1.6
Staves         | |  0.1

Action                     |  1- 3 |  4- 6 |  7- 9 | 10-12 || total
---------------------------+-------+-------+-------+-------++-------
  Melee: Dagger            |     2 |       |   102 |    69 ||   173
         Short sword       |       |     7 |       |       ||     7
         Staff             |       |       |     2 |     1 ||     3
         Punch             |       |       |       |     2 ||     2
  Throw: Dart              |       |       |       |     1 ||     1
   Cast: Sandblast         |    50 |    79 |   140 |   292 ||   561
         Stone Arrow       |       |       |       |    21 ||    21
         Passwall          |       |       |       |     8 ||     8
         Brom's Barrelling |       |       |       |    38 ||    38
    Use: Scroll            |       |     9 |     2 |    15 ||    26
         Potion            |       |       |     1 |     7 ||     8
   Stab: Sleeping          |       |     1 |       |       ||     1
 Armour: Robe              |     5 |     8 |   121 |   280 ||   414
         Troll leather arm |       |       |       |    47 ||    47
         Skin              |       |       |       |     4 ||     4
  Dodge: Dodged            |    17 |     7 |    81 |   242 ||   347

Table legend: (Time is in decaauts)
 A = Elapsed time spent in this place.
 B = Non-inter-level travel time spent in this place.
 C = Inter-level travel time spent in this place.
 D = Time resting spent in this place.
 E = Time spent auto-exploring this place.
 F = Levels seen in this place.
 G = Mean time per level.
                   A        B        C        D        E       F      G
               +--------+--------+--------+--------+--------+-----+--------+
         Total |  14417 |  13841 |    576 |   2856 |   4110 |  14 | 1029.8 |
       Dungeon |  13840 |  13264 |    576 |   2856 |   4083 |  12 | 1153.3 |
        Temple |    126 |    126 |      0 |      0 |      0 |   1 |  126.0 |
         Sewer |    450 |    450 |      0 |      0 |     27 |   1 |  450.0 |
               +--------+--------+--------+--------+--------+-----+--------+

Top non-repeatable levels by time:
    D:11: 2452 daAuts
    D:10: 1840 daAuts
     D:9: 1407 daAuts
     D:6: 1317 daAuts
     D:5: 1184 daAuts
     D:4: 1073 daAuts
     D:3: 947 daAuts
     D:7: 903 daAuts
     D:1: 885 daAuts
     D:8: 858 daAuts
     D:2: 701 daAuts
   Sewer: 450 daAuts
    D:12: 268 daAuts
  Temple: 126 daAuts
